 Dungeon Crawl Stone Soup version 0.29-a0-234-g0dae59b3db (webtiles) character file.

Game seed: 16050360263746274913

6408 Aksej the Slicer (level 10, -11/80 HPs)
             Began as a Demonspawn Gladiator on Mar 3, 2022.
             Was an Elder of Qazlal.
             Killed from afar by an acid dragon (20 damage)
             ... with a splash of acid
             ... on level 10 of the Dungeon.
             The game lasted 00:26:13 (12506 turns).

Aksej the Slicer (Demonspawn Gladiator)            Turns: 12506, Time: 00:26:14

Health: -11/80     AC:  6    Str: 18    XL:     10   Next: 66%
Magic:  10/10      EV: 15    Int: 11    God:    Qazlal [****..]
Gold:   155        SH:  5    Dex: 18    Spells: 9/9 levels left

rFire   . . .      SeeInvis +   a - +2 rapier (freeze)
rCold   . . .      Faith    .   (no shield)
rNeg    . . .      Spirit   .   b - +0 leather armour
rPois   +          Reflect  .   c - +0 helmet
rElec   +          Harm     .   u - scarf {repulsion}
rCorr   .          Rampage  .   k - +0 pair of gloves
Will    .....                   (no boots)
Stlth   +++.......              n - amulet "Goeme" {RegenMP rElec}
HPRegen 0.23/turn               h - ring of poison resistance
MPRegen 0.52/turn               A - ring of see invisible

@: mighty, repel missiles
A: thin skeletal structure 2, foul stench 3, hooves 1
a: Renounce Religion, Upheaval, Elemental Force


You were on level 10 of the Dungeon.
You worshipped Qazlal.
Qazlal was greatly pleased with you.
You visited 1 branch of the dungeon, and saw 10 of its levels.

You collected 625 gold pieces.
You spent 470 gold pieces at shops.

Inventory:

Hand Weapons
 a - a +2 rapier of freezing (weapon)
Missiles
 m - 4 javelins
 F - a boomerang (quivered)
Armour
 b - a +0 leather armour (worn)
 c - a +0 helmet (worn)
 k - a +0 pair of gloves (worn)
 u - a scarf of repulsion (worn)
Jewellery
 h - a ring of poison resistance (left hand)
 l - a +6 ring of dexterity
 n - the amulet "Goeme" (around neck) {RegenMP rElec}
   (You bought it in a shop on level 2 of the Dungeon)

   [amulet of magic regeneration]

   It increases your rate of magic regeneration.
   rElec:     It insulates you from electricity.
 q - a ring of wizardry
 y - a ring of flight
 A - a ring of see invisible (right hand)
Wands
 d - a wand of digging (4)
 i - a wand of iceblast (12)
 v - a wand of acid (14)
 x - a wand of flame (11)
Scrolls
 e - 5 scrolls of magic mapping
 o - 3 scrolls of enchant armour
 p - a scroll of fog {unknown}
 s - a scroll of immolation {unknown}
 t - a scroll of amnesia {unknown}
 w - 5 scrolls of teleportation
 z - a scroll of torment {unknown}
Potions
 f - a potion of might
 g - 2 potions of curing
 j - 5 potions of brilliance
 r - 2 potions of ambrosia
 C - a potion of flight
 D - a potion of cancellation
 E - a potion of berserk rage
 G - a potion of magic
 I - a potion of invisibility {unknown}


   Skills:
 * Level 7.9 Fighting
 + Level 8.8 Short Blades
 + Level 6.2 Throwing
 + Level 4.7 Armour
 + Level 5.8 Dodging
 + Level 3.2 Stealth
 + Level 2.1 Shields


You had 9 spell levels left.
You didn't know any spells.
Your spell library contained the following spells:

 Spells                   Type           Power      Damage    Failure   Level
 Apportation              Tloc           0%         N/A       38%         1
 Freeze                   Ice            0%         1d3       38%         1
 Magic Dart               Conj           0%         1d3       38%         1
 Call Imp                 Summ           0%         N/A       54%         2
 Scorch                   Fire           0%         2d5       54%         2
 Confusing Touch          Hex            0%         N/A       77%         3
 Frozen Ramparts          Ice            0%         1d2       77%         3
 Ignite Poison            Fire/Tmut/Pois 0%         N/A       77%         3
 Mephitic Cloud           Conj/Pois/Air  0%         N/A       77%         3
 Flame Wave               Conj/Fire      0%         2d4       99%         4
 Hailstorm                Conj/Ice       0%         3d3       99%         4
 Alistair's Intoxication  Tmut/Pois      0%         N/A       100%        5
 Freezing Cloud           Conj/Ice/Air   0%         6-21      100%        5
 Yara's Violent Unravell  Hex/Tmut       0%         3d3       100%        5
 Summon Cactus Giant      Summ           0%         N/A       100%        6
 Enfeeble                 Hex            0%         N/A       100%        7


Dungeon Overview and Level Annotations

Branches:
Dungeon (10/15)            Temple (0/1) D:7
   Lair: D:8-11         Orc: D:9-12

Altars:
Ashenzari
Dithmenos
Hepliaklqana
Qazlal
Xom
Yredelemnul
Zin

Shops:
D:1 *[[   D:2 *   D:4 !   D:6 *


Innate Abilities, Weirdness & Mutations

You have a moderately thin skeletal structure. (Dex +4, Stealth++)
You frequently emit foul miasma when damaged in melee.
You have large cloven feet.


Message History

The yak is severely wounded.
A nearby plant withers and dies.
The yak is engulfed in dark miasma.
The yak is poisoned.
The yak misses you. The yak gores you!
You barely miss the yak. You kick the yak, but do no damage.
The yak is severely wounded.
The yak is engulfed in dark miasma.
The yak looks even sicker.
You block the yak's attack.
The yak is engulfed in dark miasma.
The yak looks even sicker.
The yak gores you.
* * * LOW HITPOINT WARNING * * *
You feel much better.
The yak is struck by lightning.
You kill the yak!
Qazlal accepts your kill.
The yak is engulfed in dark miasma.
The yak looks even sicker.
The yak gores you.
You feel your dexterity returning. The yak gores you but does no damage.
The yak is engulfed in dark miasma.
The yak looks as sick as possible!
You kill the yak!
Qazlal accepts your kill. The acid dragon bites you. The acid dragon claws you.
The yak is engulfed in dark miasma.
The yak looks as sick as possible!
The yak gores you!
You see here a yak corpse.
You hit the acid dragon. You freeze the acid dragon.
Your kick misses the acid dragon.
The acid dragon is moderately wounded.
The yak misses you. You block the acid dragon's attack.
The acid dragon completely misses you.
You hit the acid dragon but do no damage.
The acid dragon is moderately wounded.
The yak is engulfed in dark miasma.
The yak looks as sick as possible!
The yak gores you!
* * * LOW HITPOINT WARNING * * *
The yak gores you!
* * * LOW HITPOINT WARNING * * *
You emit a cloud of foul miasma!
You feel very mighty all of a sudden. The acid dragon spits acid at you.
The splash of acid hits you!!
You die...

####..###
#.......#
#......$#
#.......#
#.......# #....#
## ##...°##..#
#..†......##.
#.Y@Y○.......
##°D##....##.
#.○§Y. ....#
..P..P......#
......P.P...P...
.P.P.P...P.......
..?P..P.P.P...##.
.PP..####P.PP.#


You could see 3 yaks and an acid dragon (catching breath).

Vanquished Creatures
  Pikel (D:5)
  The ghost of witty6 the Chopper, a novice MiBe of Trog (D:8)
  A hornet (D:6)
  A shadow (D:9)
  2 wyverns (D:8)
  3 yaks (D:10)
  Grum (D:8)
  3 water moccasins
  2 orc warriors
  3 ogres (D:5)
  5 ice beasts
  6 centaurs
  4 wolves (D:8)
  A lemure (D:4)
  3 kobold brigands
  Blork the orc (D:5)
  5 bullfrogs
  A necrophage (D:5)
  A scorpion (D:6)
  A wyvern zombie (D:6)
  A water moccasin skeleton (D:6)
  9 killer bees (D:9)
  3 centaur zombies (D:6)
  6 jellies
  5 quasits (D:8)
  A bullfrog zombie (D:6)
  3 hounds
  Crazy Yiuf (D:5)
  2 orc priests (D:9)
  A bullfrog skeleton (D:6)
  A centaur skeleton (D:6)
  Ijyb (D:5)
  2 iguanas
  2 orc wizards
  A killer bee zombie (D:6)
  A howler monkey skeleton (D:6)
  5 adders
  7 gnolls
  2 shadow imps
  A white imp (D:6)
  7 ufetubi
  5 worms
  2 dart slugs
  20 orcs
  9 ball pythons
  4 endoplasms
  4 giant cockroaches
  8 goblins
  6 hobgoblins
  17 kobolds
  3 quokkas
  9 bats
  6 frilled lizards
  5 rats
206 creatures vanquished.

Vanquished Creatures (others)
  A fungus (D:10)
  10 plants
  8 withered plants (D:6)
19 creatures vanquished.

Grand Total: 225 creatures vanquished

Notes
Turn   | Place    | Note
-------+----------+-------------------------------------------
     0 | D:1      | Aksej the Demonspawn Gladiator began the quest for the Orb.
     0 | D:1      | Reached XP level 1. HP: 16/16 MP: 1/1
   240 | D:1      | Found Rylaeras's Armour Shop.
   326 | D:1      | Reached skill level 3 in Short Blades
   326 | D:1      | Gained mutation: You may rarely emit foul miasma when
                  | damaged in melee. [demonic ancestry]
   326 | D:1      | Reached XP level 2. HP: 22/22 MP: 2/2
   419 | D:1      | Found Qaopac's Armour Shop.
   784 | D:1      | Found a faded altar of an unknown god.
   792 | D:1      | Prayed at the altar of an unknown god.
   792 | D:1      | Became a worshipper of Qazlal Stormbringer
   792 | D:1      | Reached * piety under Qazlal
   987 | D:1      | Found Kimauts's General Store.
  1018 | D:1      | Bought a potion of heal wounds for 55 gold pieces
  1282 | D:2      | Gained mutation: You sometimes emit foul miasma when
                  | damaged in melee. [demonic ancestry]
  1282 | D:2      | Reached XP level 3. HP: 22/27 MP: 3/3
  2338 | D:2      | Found Burho's Assorted Antiques.
  2357 | D:2      | Bought a white potion for 20 gold pieces
  2357 | D:2      | Bought a scroll of identify for 46 gold pieces
  2407 | D:3      | Reached skill level 1 in Armour
  2407 | D:3      | Gained mutation: You frequently emit foul miasma when
                  | damaged in melee. [demonic ancestry]
  2407 | D:3      | Reached XP level 4. HP: 28/34 MP: 4/4
  2759 | D:3      | Found a shimmering altar of Xom.
  2761 | D:3      | Found a broken altar of Ashenzari.
  2765 | D:3      | Reached ** piety under Qazlal
  3133 | D:3      | Reached XP level 5. HP: 39/40 MP: 5/5
  3764 | D:4      | Identified the +6 hunting sling of Conscience {vorpal,
                  | Str+3 Dex+4 SInv}
  3798 | D:4      | Found Voedwij's Distillery.
  3887 | D:4      | Gained mutation: You sometimes lose the ability to read
                  | scrolls when taking damage. [potion of mutation]
  3887 | D:4      | Gained mutation: Your muscles are strong. (Str +2) [potion
                  | of mutation]
  4239 | D:2      | Bought a crude brass amulet for 115 gold pieces
  4239 | D:2      | Identified the amulet "Goeme" {RegenMP rElec} (You bought
                  | it in a shop on level 2 of the Dungeon)
  4540 | D:4      | Reached skill level 4 in Short Blades
  4972 | D:5      | Entered Level 5 of the Dungeon
  5201 | D:5      | Reached XP level 6. HP: 47/47 MP: 6/6
  5265 | D:5      | Noticed Blork the orc
  5289 | D:5      | Noticed Pikel
  5293 | D:5      | Killed Blork the orc
  5590 | D:5      | Killed Pikel
  5591 | D:5      | Reached skill level 5 in Short Blades
  5591 | D:5      | Reached skill level 1 in Stealth
  5591 | D:5      | Reached XP level 7. HP: 39/55 MP: 7/7
  5852 | D:5      | Reached skill level 1 in Shields
  5858 | D:5      | Gained mutation: You have a somewhat thin skeletal
                  | structure. (Dex +2, Stealth+) [demonic ancestry]
  5858 | D:5      | Reached XP level 8. HP: 44/61 MP: 8/8
  6066 | D:5      | Found a runed translucent door.
  6067 | D:5      | Noticed Crazy Yiuf
  6079 | D:5      | Killed Crazy Yiuf
  6318 | D:5      | Noticed Ijyb
  6325 | D:5      | Killed Ijyb
  6493 | D:6      | Reached skill level 5 in Fighting
  6509 | D:6      | Reached skill level 6 in Short Blades
  6682 | D:6      | Found a hazy altar of Hepliaklqana.
  6878 | D:6      | Reached *** piety under Qazlal
  7357 | D:6      | Noticed a hornet
  7364 | D:6      | Killed a hornet
  7368 | D:6      | Gained mutation: You have a moderately thin skeletal
                  | structure. (Dex +4, Stealth++) [demonic ancestry]
  7368 | D:6      | Reached XP level 9. HP: 32/69 MP: 9/9
  7888 | D:6      | Found Paeng's Assorted Antiques.
  8571 | D:7      | Reached skill level 7 in Short Blades
  8835 | D:7      | Found a staircase to the Ecumenical Temple.
  9352 | D:4      | Bought 3 potions of heal wounds for 195 gold pieces
  9352 | D:4      | Bought a potion of curing for 39 gold pieces
  9507 | D:8      | Noticed Grum
  9514 | D:8      | Reached skill level 5 in Throwing
  9519 | D:8      | Killed Grum
  9776 | D:8      | Found a basalt altar of Yredelemnul.
 10054 | D:8      | Found a transporter.
 10058 | D:8      | Noticed witty6's ghost (novice MiBe)
 10083 | D:8      | Found a transporter.
 10253 | D:8      | Reached skill level 5 in Dodging
 10561 | D:8      | Reached XP level 10. HP: 62/79 MP: 10/10
 10990 | D:8      | Killed witty6's ghost
 11622 | D:9      | Lost mutation: Your muscles are strong. (Str +2) [potion of
                  | mutation]
 11622 | D:9      | Lost mutation: You sometimes lose the ability to read
                  | scrolls when taking damage. [potion of mutation]
 11622 | D:9      | Gained mutation: You have large cloven feet. [potion of
                  | mutation]
 11674 | D:9      | Reached **** piety under Qazlal
 12279 | D:9      | Reached skill level 8 in Short Blades
 12382 | D:9      | Found a shadowy altar of Dithmenos.
 12474 | D:10     | Entered Level 10 of the Dungeon
 12506 | D:10     | Killed from afar by an acid dragon

Illustrated notes

Levels and vault maps discovered:
D:1:      sevenhm_arrival_forest_fort_small_4, layout_basic, serial_shops,
          nicolae_shop_advertising_works [nicolae_subvault_shop_adworks],
          shop_fountains, shop, serial_glass, glass_columns_a, glass_columns_b,
          shapermc_ecumenical_altar_mp_ritualfount
D:2:      layout_loops_cross, serial_bayou, serial_bayou_crossing,
          serial_bayou_lagoon_a, serial_bayou_pond_b, serial_bayou_shore_b,
          serial_shops, nicolae_shop_waterfront
D:3:      layout_basic, jmf_multi_god_temple, grunt_decor_junction
D:4:      layout_loops_ring, serial_shops, nicolae_shop_stone,
          grunt_ministairs_2
D:5:      layout_gridville, kennysheep_opposing_triangles,
          uniq_crazy_yiuf_cottage, uniq_ijyb, uniq_blork_the_orc, uniq_pikel
D:6:      layout_loops_cross, serial_undead, serial_undead_e, serial_undead_b,
          serial_undead_b, serial_undead_b, nicolae_take_the_stairs,
          hangedman_feature_mirror
D:7:      layout_layer_cave, temple_statues, skrybe_limestone_x
D:8:      layout_basic, mainiacjoe_overflow_24_doors,
          gammafunk_ghost_stat_death, uniq_grum
D:9:      layout_rooms, mainiacjoe_overflow_catwalk
D:10:     minmay_opposing_rooms, layout_gridville,
          grunt_lair_entry_orc_guard_hut, minmay_orc_entry_temple_small,
          hangedman_incinerator

Skill      XL: |  1  2  3  4  5  6  7  8  9 10 |
---------------+-------------------------------+-----
Short Blades   | 3 4 5 6 7 8 |  8.8
Dodging        | 3 4 5 |  5.8
Armour         | 1 2 3 4 |  4.7
Throwing       | 2 4 6 |  6.2
Fighting       | 3 4 5 7 |  7.9
Stealth        | 1 2 3 |  3.2
Shields        | 1 2 |  2.1

Action                   |  1- 3 |  4- 6 |  7- 9 | 10-12 || total
-------------------------+-------+-------+-------+-------++-------
Melee: Rapier            |   147 |   175 |   265 |   195 ||   782
       Punch             |       |     1 |     4 |     2 ||     7
       Kick              |       |       |       |    31 ||    31
Throw: Javelin           |       |    16 |    20 |     4 ||    40
       Throwing net      |       |     9 |     9 |       ||    18
       Boomerang         |       |       |    79 |    16 ||    95
Evoke: Wand              |       |       |     2 |       ||     2
  Use: Scroll            |     5 |     4 |     4 |     2 ||    15
       Potion            |       |     3 |     2 |     9 ||    14
 Stab: Held in net/web   |       |     2 |     1 |       ||     3
Armor: Leather armour    |    39 |    46 |    58 |    80 ||   223
Dodge: Dodged            |    71 |   116 |   143 |   207 ||   537
       Repelled          |       |       |     1 |       ||     1
Block: Other             |     3 |    21 |    36 |    60 ||   120

Table legend: (Time is in decaauts)
 A = Elapsed time spent in this place.
 B = Non-inter-level travel time spent in this place.
 C = Inter-level travel time spent in this place.
 D = Time resting spent in this place.
 E = Time spent auto-exploring this place.
 F = Levels seen in this place.
 G = Mean time per level.
                   A        B        C        D        E       F      G
               +--------+--------+--------+--------+--------+-----+--------+
         Total |  12475 |  11911 |    564 |      0 |  10219 |  10 | 1247.5 |
       Dungeon |  12475 |  11911 |    564 |      0 |  10219 |  10 | 1247.5 |
               +--------+--------+--------+--------+--------+-----+--------+

Top non-repeatable levels by time:
     D:8: 1780 daAuts
     D:6: 1660 daAuts
     D:2: 1476 daAuts
     D:5: 1406 daAuts
     D:3: 1346 daAuts
     D:4: 1292 daAuts
     D:7: 1216 daAuts
     D:9: 1204 daAuts
     D:1: 1064 daAuts
    D:10: 27 daAuts
